 Dungeon Crawl Stone Soup version 0.22.1-1-ga44c0e5 (webtiles) character file.

133 leisz the Skirmisher (level 5, -2/47 HPs)
             Began as a Hill Orc Fighter on Oct 5, 2018.
             Was a Follower of Uskayaw.
             Slain by a scorpion (6 damage)
             ... on level 4 of the Dungeon.
             The game lasted 00:05:02 (2404 turns).

leisz the Skirmisher (Hill Orc Fighter)             Turns: 2404, Time: 00:05:03

Health: -2/47      AC:  9    Str: 25    XL:     5   Next: 16%
Magic:  5/5        EV:  7    Int:  8    God:    Uskayaw [*.....]
Gold:   137        SH: 10    Dex: 10    Spells: 4/4 levels left

rFire    + . .     SeeInvis .   a - +0 long sword
rCold    . . .     Gourm    .   g - +0 shield {rN+}
rNeg     + . .     Faith    .   b - +0 scale mail
rPois    .         Spirit   .   q - +0 helmet
rElec    .         Reflect  .   (no cloak)
rCorr    .         Harm     .   (no gloves)
MR       .....                  p - +0 pair of boots
Stlth    ..........             (no amulet)
HPRegen  0.15/turn              w - ring of protection from fire
MPRegen  0.09/turn              (no ring)

@: mighty
A: no striking features
a: Stomp, Renounce Religion


You were on level 4 of the Dungeon.
You worshipped Uskayaw.
Uskayaw was noncommittal.
You were not hungry.

You visited 1 branch of the dungeon, and saw 4 of its levels.

You collected 137 gold pieces.

Inventory:

Hand Weapons
 a - a +0 long sword (weapon)
Missiles
 k - 71 stones (quivered)
Armour
 b - a +0 scale mail (worn)
 g - a +0 shield of positive energy (worn)
 p - a +0 pair of boots (worn)
 q - a +0 helmet (worn)
 y - a +0 leather armour of fire resistance
Jewellery
 w - a ring of protection from fire (left hand)
 z - an uncursed ring of see invisible {unknown}
Wands
 x - a wand of iceblast (9)
Scrolls
 e - 2 scrolls of amnesia {unknown}
 h - 6 scrolls of identify {unknown}
 j - 5 scrolls of fear {unknown}
 o - a scroll of blinking {unknown}
 r - 3 scrolls of enchant weapon {unknown}
 t - 2 scrolls of remove curse {unknown}
 A - a scroll of teleportation {unknown}
 B - a scroll of noise {unknown}
Potions
 d - a potion of might
 i - a potion of resistance {unknown}
 l - a potion of lignification {unknown}
 m - a potion of haste {unknown}
 n - a potion of mutation {unknown}
 s - a potion of curing {unknown}
 u - a potion of heal wounds {unknown}
 v - a potion of degeneration {unknown}
Comestibles
 f - 6 rations


   Skills:
 + Level 4.7 Fighting
 + Level 3.3 Long Blades
 + Level 4.2 Armour
 + Level 4.1 Shields


You had 4 spell levels left.
You didn't know any spells.
Your spell library contained the following spells:

 Spells                   Type           Power        Failure   Level  Hunger
 Animate Skeleton         Necr           N/A          99%         1    ##.....
 Apportation              Tloc           #.....       99%         1    ##.....
 Confusing Touch          Hex            #.....       99%         1    ##.....
 Summon Small Mammal      Summ           #...         99%         1    ##.....


Dungeon Overview and Level Annotations

Branches:
Dungeon (4/15)
 Temple: D:4-7

Altars:
Ru
Uskayaw


Message History

You can no longer pass through a line of other dancers.
You hit the ogre.
The ogre is moderately wounded.
The ogre hits you with a giant club!
* * * LOW HITPOINT WARNING * * *
You barely miss the ogre.
The ogre is moderately wounded.
You block the ogre's attack.
You hit the ogre.
The ogre is heavily wounded.
The ogre barely misses you.
A scorpion comes into view.
Found 17 gold pieces.
You feel very mighty all of a sudden. You block the ogre's attack.
The scorpion stings you!
* * * LOW HITPOINT WARNING * * *
You hit the ogre.
The ogre is heavily wounded.
The scorpion stings you.
You die...

#################.#
#.# ########.## #.#
..........# ###.#
..........# #...#
...<......# #...#
..........# #...#
..........# ###.#
$.....sO..#########.#
.......@............#
..........###########
.......<..#
###########


You could see an ogre and a scorpion.

Vanquished Creatures
  Ijyb (D:3)
  4 adders (D:2)
  3 worms (D:2)
  A dart slug (D:3)
  A leopard gecko (D:1)
  2 orcs (D:3)
  6 goblins
  4 hobgoblins
  8 jackals
  4 kobolds
  2 quokkas
  2 ball pythons
  5 bats
  4 frilled lizards
  10 rats
57 creatures vanquished.

Notes
Turn   | Place    | Note
-------+----------+-------------------------------------------
     0 | D:1      | leisz the Hill Orc Fighter began the quest for the Orb.
     0 | D:1      | Reached XP level 1. HP: 19/19 MP: 1/1
   447 | D:1      | Reached XP level 2. HP: 25/27 MP: 2/2
   806 | D:2      | Reached XP level 3. HP: 17/33 MP: 3/3
  1293 | D:2      | Reached XP level 4. HP: 38/40 MP: 4/4
  1840 | D:3      | Found a hide-covered altar of Uskayaw.
  1848 | D:3      | Became a worshipper of Uskayaw the Reveler
  1882 | D:3      | Reached * piety under Uskayaw
  1902 | D:3      | Noticed Ijyb
  1919 | D:3      | Reached ** piety under Uskayaw
  1936 | D:3      | Killed Ijyb
  1936 | D:3      | Reached XP level 5. HP: 40/47 MP: 5/5
  2274 | D:3      | Found a sacrificial altar of Ru.
  2360 | D:4      | Noticed an ogre
  2404 | D:4      | Slain by a scorpion

Skill      XL: |  1  2  3  4 |
---------------+-------------+-----
Fighting       | 4 |  4.7
Long Blades    | 3 |  3.3
Armour         | 4 |  4.2
Shields        | 4 |  4.1

Action                   |  1- 3 |  4- 6 || total
-------------------------+-------+-------++-------
Melee: Long sword        |   115 |   110 ||   225
  Use: Potion            |       |     1 ||     1
  Eat: Chunk             |     1 |     4 ||     5
Armor: Scale mail        |    70 |    58 ||   128
Dodge: Dodged            |    40 |    32 ||    72
Block: Shield            |    84 |    56 ||   140
       Rpst.: Long sword |    13 |    15 ||    28
